 Dungeon Crawl Stone Soup version 0.29.1-1-gd02db6906a (webtiles) character file.

Game seed: 17870804395734536620

116 tardwrangler69 the Digger (level 5, -7/31 HPs)
             Began as an Octopode Earth Elementalist on Oct 5, 2022.
             Mangled by Grinder (10 damage)
             ... on level 4 of the Dungeon.
             The game lasted 00:01:40 (3157 turns).

tardwrangler69 the Digger (OpEE)                    Turns: 3157, Time: 00:01:41

Health: -7/31      AC:  1    Str:  7    XL:     5   Next: 1%
Magic:  4/10       EV: 13    Int: 20    God:
Gold:   125        SH:  0    Dex: 12    Spells: 10/11 levels left

rFire   . . .      SeeInvis .   (no weapon)
rCold   . . .      Faith    .   (no shield)
rNeg    . . .      Spirit   .   (helmet restricted)
rPois   .          Reflect  .   (no amulet)
rElec   .          Harm     .   (no ring)
rCorr   .          Rampage  .   (no ring)
Will    .....                   (no ring)
Stlth   +++.......              (no ring)
HPRegen 0.10/turn               (no ring)
MPRegen 0.12/turn               (no ring)
                                (no ring)
                                (no ring)

@: no status effects
A: almost no armour, amphibious, 8 rings, camouflage 1, gelatinous body 1,
(nimble swimmer 1), tentacles
a: no special abilities


You were on level 4 of the Dungeon.
You visited 1 branch of the dungeon, and saw 4 of its levels.

You collected 125 gold pieces.

Inventory:

Jewellery
 b - a +4 ring of slaying
 s - a ring of wizardry
Wands
 p - a wand of charming (7)
Scrolls
 c - a scroll of poison {unknown}
 d - a scroll of magic mapping {unknown}
 e - 2 scrolls of amnesia {unknown}
 f - 3 scrolls of identify {unknown}
 g - 2 scrolls of immolation {unknown}
 j - a scroll of fear {unknown}
 m - a scroll of silence {unknown}
 q - a scroll of enchant armour {unknown}
Potions
 a - a potion of magic
 h - a potion of flight {unknown}
 i - a potion of haste {unknown}
 k - 2 potions of lignification {unknown}
 l - a potion of cancellation {unknown}
 n - 3 potions of attraction {unknown}
 o - 2 potions of brilliance {unknown}
 r - a potion of invisibility {unknown}
 t - a potion of degeneration {unknown}


   Skills:
 - Level 2.0 Dodging
 - Level 2.6 Stealth
 + Level 3.5 Spellcasting
 - Level 1.0 Transmutations
 + Level 4.4 Earth Magic


You had 10 spell levels left.
You knew the following spells:

 Your Spells              Type           Power      Damage    Failure   Level
a - Sandblast             Erth           42%        2d11      2%          1

Your spell library contained the following spells:

 Spells                   Type           Power      Damage    Failure   Level
 Passwall                 Tmut/Erth      11%        N/A       7%          2
 Stone Arrow              Conj/Erth      24%        3d8       16%         3
 Petrify                  Tmut/Erth      14%        N/A       41%         4


Dungeon Overview and Level Annotations

Branches:
Dungeon (4/15)
 Temple: D:4-7

Altars:
Elyvilon
Ru

Shops:
D:1 [

Annotations:
D:4 Grinder


Innate Abilities, Weirdness & Mutations

You cannot wear most types of armour.
You are amphibious.
You can wear up to eight rings at the same time.
Your skin changes colour to match your surroundings (Stealth+).
Your rubbery body absorbs attacks. (AC +1, EV +1)
((You are camouflaged when in or above water. (Stealth+)))
You have tentacles for arms and can constrict up to eight enemies at once.


Message History

Confirm with . or Enter, or press ? or * to list all spells.
Aiming: Sandblast (safe; 2% risk of failure)
Press: ? - help, Shift-Dir - straight line, f - Grinder
Aim: Grinder (81% to hit)
The blast of sand hits Grinder.
Grinder is lightly wounded.
Casting: Sandblast (safe; 2% risk of failure)
Confirm with . or Enter, or press ? or * to list all spells.
Aiming: Sandblast (safe; 2% risk of failure)
Press: ? - help, Shift-Dir - straight line, f/p - Grinder
Aim: Grinder (lightly wounded, 81% to hit)
The blast of sand hits Grinder!
Grinder is heavily wounded.
Grinder gestures at you. Pain shoots through your body!
Grinder completely misses you.
You are too injured to fight recklessly!
Grinder is nearby!
Casting: Sandblast (safe; 2% risk of failure)
Confirm with . or Enter, or press ? or * to list all spells.
Aiming: Sandblast (safe; 2% risk of failure)
Press: ? - help, Shift-Dir - straight line, f/p - Grinder
Aim: Grinder (heavily wounded, 81% to hit)
The blast of sand misses Grinder.
Grinder hits you.
You writhe in agony.
* * * LOW HITPOINT WARNING * * *
You are too injured to fight recklessly!
Grinder is nearby!
You are too injured to fight recklessly!
Casting: Sandblast (safe; 2% risk of failure)
Confirm with . or Enter, or press ? or * to list all spells.
Aiming: Sandblast (safe; 2% risk of failure)
Press: ? - help, Shift-Dir - straight line, f/p - Grinder
Aim: Grinder (heavily wounded, 81% to hit)
The blast of sand hits Grinder.
Grinder is severely wounded.
Grinder gestures at you. Pain shoots through your body!
* * * LOW HITPOINT WARNING * * *
Grinder says, "Tell me all your secrets, or I'll kill you."
Grinder hits you!
You die...

.. .## .. #.. .. #.
#. #) ###5### #...@.#
#.....# ## #.....#
########.
#.....#######........
#.............#######
#.....#########
#...).# #.....#
#.....#


You could see Grinder.

Vanquished Creatures
  5 adders
  2 worms
  A dart slug (D:2)
  An orc (D:4)
  5 bats
  2 endoplasms
  7 goblins
  8 hobgoblins
  3 jackals (D:2)
  7 kobolds
  2 quokkas
  9 ball pythons
  2 frilled lizards
  6 rats
60 creatures vanquished.

Vanquished Creatures (others)
  A fungus (D:2)
1 creature vanquished.

Grand Total: 61 creatures vanquished

Notes
Turn   | Place    | Note
-------+----------+-------------------------------------------
     0 | D:1      | tardwrangler69 the Octopode Earth Elementalist began the
                  | quest for the Orb.
     0 | D:1      | Reached XP level 1. HP: 11/11 MP: 3/3
   412 | D:1      | Found Koesalio's Antique Armour Shoppe.
   429 | D:1      | Reached XP level 2. HP: 15/17 MP: 0/5
   989 | D:2      | Reached XP level 3. HP: 13/21 MP: 1/7
  1316 | D:2      | Found a white marble altar of Elyvilon.
  1366 | D:2      | Found a faded altar of an unknown god.
  1468 | D:2      | Reached skill level 4 in Earth Magic
  1468 | D:2      | Reached XP level 4. HP: 27/27 MP: 6/8
  2346 | D:3      | Found a sacrificial altar of Ru.
  3148 | D:4      | Reached XP level 5. HP: 18/31 MP: 7/10
  3150 | D:4      | Noticed Grinder
  3157 | D:4      | Mangled by Grinder

Illustrated notes

Levels and vault maps discovered:
D:1:      enne_arrival_octagon_isle, layout_loops_ring, serial_shops,
          nicolae_shop_behind_doors
D:2:      layout_basic, shapermc_ecumenical_altar_acropolis, basic_altar,
          minmay_tall_x
D:3:      layout_loops_ring, mainiacjoe_overflow_alcove_1, nrook_mini_backslash
D:4:      layout_rooms, serial_shops, nicolae_shop_hallway_stairs,
          minmay_crystal_water, uniq_grinder, uniq_sigmund

Skill      XL: |  1  2  3 |
---------------+----------+-----
Spellcasting   | 3 |  3.5
Earth Magic    | 4 |  4.4
Dodging        | |  2.0
Stealth        | |  2.6
Transmutations | |  1.0

Action                   |  1- 3 |  4- 6 || total
-------------------------+-------+-------++-------
Melee: Unarmed           |    21 |    10 ||    31
       Constrict         |     7 |     6 ||    13
       Tentacles         |     2 |     2 ||     4
 Cast: Sandblast         |    37 |    45 ||    82
 Stab: Sleeping          |     2 |     1 ||     3
Armor: Skin              |     7 |     4 ||    11
Dodge: Dodged            |    27 |    16 ||    43
